 Dungeon Crawl Stone Soup version 0.17.1-3-g152610e (webtiles) character file.

204 Heskey the Skirmisher (level 5, -4/34 HPs)
             Began as a Tengu Gladiator on Apr 4, 2016.
             Slain by an orc
             ... wielding a +0 falchion
              (5 damage)
             ... on level 4 of the Dungeon.
             The game lasted 00:03:53 (2567 turns).

Heskey the Skirmisher (Tengu Gladiator)             Turns: 2567, Time: 00:03:53

Health: -4/34      AC:  7    Str: 12 (15) XL:     5   Next: 82%
Magic:  6/6        EV: 11    Int:  9      God:
Gold:   124        SH:  0    Dex: 20      Spells: 0 memorised, 4 levels left

rFire  + . .     SeeInvis .     a - +0 quarterstaff
rCold  . . .     Clarity  .     r - +0 scale mail
rNeg   . . .     SustAt   .     (shield currently unavailable)
rPois  .         Gourm    .     c - +0 hat
rElec  .         Spirit   .     b - +0 cloak
rCorr  .         Warding  .     (no gloves)
rMut   .         Stasis   .     (boots unavailable)
MR     .....                    (no amulet)
Stlth  ..........               n - ring of protection from fire
                                f - +5 ring of dexterity

@: not resistant to hostile enchantments, extremely unstealthy
A: beak, talons 3, able to fly 1
a: Fly


You were on level 4 of the Dungeon.
You were not hungry.

You visited 1 branch of the dungeon, and saw 4 of its levels.

You collected 124 gold pieces.

Inventory:

Hand Weapons
 a - a +0 quarterstaff (weapon)
 s - a +0 blowgun
Missiles
 d - 3 throwing nets (quivered)
 t - 2 poisoned needles
Armour
 b - a +0 cloak (worn)
 c - a +0 hat (worn)
 r - a +0 scale mail (worn)
Jewellery
 f - a +5 ring of dexterity (left hand)
 i - an uncursed ring of ice
 n - a ring of protection from fire (right hand)
Wands
 h - a wand of fireball (6)
Scrolls
 g - 3 scrolls of remove curse {unknown}
 j - 9 scrolls of identify {unknown}
 l - 2 scrolls of magic mapping {unknown}
 m - 2 scrolls of teleportation {unknown}
 p - a scroll of amnesia {unknown}
Potions
 o - 2 potions of curing
Comestibles
 e - a bread ration


   Skills:
 * Level 4.4 Fighting
 + Level 4.3 Staves
 - Level 2.0 Throwing
 + Level 2.5 Armour
 - Level 3.2 Dodging


You had 4 spell levels left.
You didn't know any spells.

Dungeon Overview and Level Annotations

Branches:
Dungeon (4/15)
 Temple: D:4-7

Altars:
Trog
Zin


Innate Abilities, Weirdness & Mutations

You have a beak for a mouth.
You have claws for feet.
You can fly.


Message History

The orc wizard casts a spell.
The orc wizard blinks!
The orc hits you but does no damage.
The gnoll hits you from afar with a halberd.
You try to slip out of the net.
The gnoll closely misses you. The orc hits you but does no damage.
The orc wizard mumbles some strange words.
The orc wizard flickers and vanishes!
Deactivating autopickup; reactivate with Ctrl-A.
The gnoll hits you from afar with a halberd!
You struggle against the net.
The gnoll hits you with a flail!
* * * LOW HITPOINT WARNING * * *
The orc hits you but does no damage. The gnoll barely misses you.
The gnoll barely misses you.
You try to slip out of the net.
The gnoll hits you with a flail.
* * * LOW HITPOINT WARNING * * *
The orc hits you but does no damage. The gnoll barely misses you.
You slip out of the net!
The gnoll hits you but does no damage.
The orc wizard casts a spell.
The orc wizard seems to speed up.
The orc hits you with a falchion.
You die...

.))...####.##.#
.####........##...##
......###.>.##8.>.8##
.###### #...#.......#
## #...#.<.8.>.#
#...#...{og.#
#...##8oog8#
###..##ggo# ##..##@#
##....# ######


You could see an orc wizard, 4 gnolls and 3 orcs.

Vanquished Creatures
  2 worker ants (D:4)
  Natasha (thrice) (D:4)
  3 gnolls (D:4)
  3 adders
  A worm (D:3)
  3 giant geckos
  8 orcs (D:3)
  2 giant cockroaches
  6 hobgoblins
  2 kobolds
  A quokka (D:2)
  7 bats
  2 giant newts (D:2)
  7 goblins
  3 jackals (D:3)
  6 rats
59 creatures vanquished.

Notes
Turn   | Place    | Note
--------------------------------------------------------------
     0 | D:1      | Heskey the Tengu Gladiator began the quest for the Orb.
     0 | D:1      | Reached XP level 1. HP: 12/12 MP: 2/2
   265 | D:1      | Reached XP level 2. HP: 11/18 MP: 3/3
   597 | D:2      | Reached XP level 3. HP: 22/22 MP: 4/4
   599 | D:2      | Reached skill level 1 in Armour
  1228 | D:3      | Reached XP level 4. HP: 3/28 MP: 5/5
  1963 | D:3      | Found a glowing silver altar of Zin.
  2062 | D:3      | Reached skill level 4 in Staves
  2106 | D:4      | Noticed Natasha
  2123 | D:4      | Gained mutation: You can fly. [Tengu growth]
  2123 | D:4      | Reached XP level 5. HP: 29/33 MP: 6/6
  2128 | D:4      | Killed Natasha
  2185 | D:4      | Noticed Natasha
  2195 | D:4      | Killed Natasha
  2266 | D:4      | Found a bloodstained altar of Trog.
  2330 | D:4      | Noticed Natasha
  2333 | D:4      | Killed Natasha
  2566 | D:4      | HP: 1/34 [gnoll/flail (6)]
  2567 | D:4      | Slain by an orc

Action                   |  1- 3 |  4- 6 || total
-------------------------+-------+-------++-------
Melee: Quarterstaff      |    76 |    58 ||   134
 Fire: Blowgun           |       |     2 ||     2
  Use: Potion            |       |     6 ||     6
 Stab: Sleeping          |     1 |       ||     1
  Eat: Chunk             |     1 |     4 ||     5
